 Dungeon Crawl Stone Soup version 0.21-a0-394-gdc75ea7 (webtiles) character file.

1009 Kavrick the Slasher (level 8, -8/68 HPs)
             Began as a Hill Orc Gladiator on Oct 18, 2017.
             Was a Believer of Cheibriados.
             Mangled by Edmund
             ... wielding a +0 flail of venom
              (11 damage)
             ... on level 5 of the Dungeon.
             The game lasted 00:12:14 (5155 turns).

Kavrick the Slasher (Hill Orc Gladiator)            Turns: 5155, Time: 00:12:15

Health: -8/68      AC: -7    Str: 25    XL:     8   Next: 21%
Magic:  8/10       EV: 14    Int: 14    God:    Cheibriados [**....]
Gold:   250        SH:  0    Dex: 21    Spells: 7/7 levels left

rFire    . . .     SeeInvis .   a - +0 long sword
rCold    . . .     Gourm    .   (no shield)
rNeg     . . .     Faith    .   j - +0 ring mail
rPois    .         Spirit   .   c - +0 helmet
rElec    .         Reflect  .   (no cloak)
rCorr    .         Harm     .   (no gloves)
MR       .....                  m - +0 pair of boots
Stlth    +.........             (no amulet)
HPRegen  0.21/turn              (no ring)
MPRegen  0.12/turn              w - +3 ring of dexterity

@: lethally poisoned (-8 -> -26), corroded, very slow
A: no striking features
a: Bend Time, Renounce Religion


You were on level 5 of the Dungeon.
You worshipped Cheibriados.
Cheibriados was pleased with you.
You were hungry.

You visited 1 branch of the dungeon, and saw 5 of its levels.

You collected 250 gold pieces.

Inventory:

Hand Weapons
 a - a +0 long sword (weapon)
Missiles
 d - 5 throwing nets (quivered)
Armour
 c - a +0 helmet (worn)
 j - a +0 ring mail (worn)
 m - a +0 pair of boots (worn)
Jewellery
 w - a +3 ring of dexterity (right hand)
Wands
 b - a wand of enslavement (10/24)
Scrolls
 g - 2 scrolls of blinking {unknown}
 h - 3 scrolls of identify
 i - 4 scrolls of teleportation {unknown}
 k - a scroll of enchant armour {unknown}
 n - 6 scrolls of remove curse {unknown}
 r - a scroll of immolation {unknown}
 t - a scroll of noise {unknown}
 v - a scroll of recharging {unknown}
 y - a scroll of amnesia {unknown}
Potions
 u - a potion of invisibility
Books
 o - a book of Misfortune

   Spells                             Type                      Level
   a - Confusing Touch                Hexes                        1
   b - Confuse                        Hexes                        3
   c - Gell's Gravitas                Translocation                3
   d - Petrify                        Transmutation/Earth          4
   e - Metabolic Englaciation         Hexes/Ice                    5
   f - Yara's Violent Unravelling     Hexes/Transmutation          5
Comestibles
 f - 4 bread rations
 l - a meat ration
 p - 4 royal jellies
 q - 3 chunks of flesh
 x - 4 fruits


   Skills:
 + Level 5.2 Fighting
 * Level 6.9 Long Blades
 - Level 1.7 Throwing
 + Level 3.9 Armour
 + Level 4.0 Dodging
 + Level 3.6 Invocations


You had 7 spell levels left.
You didn't know any spells.

Dungeon Overview and Level Annotations

Branches:
Dungeon (5/15)
 Temple: D:4-7

Altars:
Cheibriados
Gozag
Okawaru
Ru
Xom

Annotations:
D:5 Edmund


Message History

You are more poisoned.
You closely miss Edmund.
Edmund is lightly wounded.
* * * LOW HITPOINT WARNING * * *
You feel sick.
You hit Edmund but do no damage.
Edmund is lightly wounded.
* * * LOW HITPOINT WARNING * * *
You feel sick. Edmund hits you with a flail of venom.
* * * LOW HITPOINT WARNING * * *
You are more poisoned.
You hit Edmund but do no damage.
Edmund is lightly wounded.
* * * LOW HITPOINT WARNING * * *
You feel sick.
You hit Edmund but do no damage.
Edmund is lightly wounded.
* * * LOW HITPOINT WARNING * * *
You feel sick. Edmund hits you with a flail of venom!
You die...

#### #..########
..........#############.
................@@s.....
###...################..
# #...# # #...# # #..##
# #..# # ##.# # ### #


You could see Edmund and a scorpion.

Vanquished Creatures
  A water moccasin (D:5)
  A phantom (D:5)
  A water moccasin skeleton (D:4)
  A howler monkey (D:5)
  A crimson imp (D:5)
  A jelly (D:5)
  2 hounds
  4 orc priests
  4 orc wizards
  An iguana (D:4)
  2 worker ants (D:4)
  A worker ant zombie (D:5)
  8 adders
  7 gnolls
  A river rat (D:5)
  2 oozes
  An adder zombie (D:5)
  An adder skeleton (D:5)
  10 dart slugs
  5 leopard geckos
  17 orcs
  2 giant cockroaches (D:1)
  4 goblins
  10 hobgoblins
  7 jackals
  7 kobolds
  2 quokkas (D:4)
  2 ball pythons
  8 bats
  2 frilled lizards
  A leopard gecko skeleton (D:5)
  10 rats
127 creatures vanquished.

Notes
Turn   | Place    | Note
-------+----------+-------------------------------------------
     0 | D:1      | Kavrick the Hill Orc Gladiator began the quest for the Orb.
     0 | D:1      | Reached XP level 1. HP: 18/18 MP: 1/1
   100 | D:1      | Reached XP level 2. HP: 17/25 MP: 2/2
   363 | D:1      | Reached skill level 1 in Armour
   383 | D:1      | Reached XP level 3. HP: 9/30 MP: 3/3
   906 | D:1      | Reached skill level 4 in Long Blades
  1241 | D:2      | Reached XP level 4. HP: 37/38 MP: 4/4
  1416 | D:2      | Found a snail-covered altar of Cheibriados.
  1796 | D:2      | Became a worshipper of Cheibriados the Contemplative
  1809 | D:2      | Reached XP level 5. HP: 33/45 MP: 5/5
  2661 | D:3      | Reached skill level 5 in Long Blades
  2703 | D:3      | Found an opulent altar of Gozag.
  3042 | D:3      | Found a shimmering altar of Xom.
  3045 | D:3      | Found a sacrificial altar of Ru.
  3048 | D:3      | Reached XP level 6. HP: 52/52 MP: 6/6
  3119 | D:4      | Reached * piety under Cheibriados
  3148 | D:5      | Entered Level 5 of the Dungeon
  3148 | D:5      | Noticed a phantom
  3334 | D:4      | Reached skill level 1 in Invocations
  3697 | D:4      | Reached XP level 7. HP: 54/59 MP: 8/8
  3718 | D:4      | Found an iron altar of Okawaru.
  3739 | D:4      | Reached ** piety under Cheibriados
  4241 | D:4      | Reached skill level 6 in Long Blades
  5004 | D:5      | Reached XP level 8. HP: 54/67 MP: 10/10
  5004 | D:5      | Reached skill level 5 in Fighting
  5138 | D:5      | Noticed Edmund
  5155 | D:5      | HP: 3/68 [poisoned by Edmund]
  5155 | D:5      | Mangled by Edmund

Vault maps used:
D:1:      dpeg_arrival_round_c, serial_glass, glass_columns_c, glass_columns_b,
          glass_columns_b
D:2:      cheibriados_altar_1
D:3:      kennysheep_big_flooded_room, lemuel_doored_altar,
          gammafunk_temple_overflow_statue
D:4:      okawaru_ov_weapons_minmay, first_bread
D:5:      gup_sewer_entry_bowl, uniq_edmund

Skill      XL: |  1  2  3  4  5  6  7  8 |
---------------+-------------------------+-----
Armour         | 1 2 3 |  3.9
Long Blades    | 4 5 6 |  6.9
Fighting       | 3 4 5 |  5.2
Dodging        | 3 4 |  4.0
Invocations    | 1 3 |  3.6
Throwing       | |  1.7

Action                   |  1- 3 |  4- 6 |  7- 9 || total
-------------------------+-------+-------+-------++-------
Melee: Long sword        |   115 |   189 |   139 ||   443
Invok: Bend Time         |       |       |     1 ||     1
  Use: Potion            |       |     3 |       ||     3
       Scroll            |       |       |     2 ||     2
  Eat: Chunk             |     1 |     8 |     2 ||    11
Armor: Leather armour    |    22 |       |       ||    22
       Ring mail         |    13 |    79 |    41 ||   133
       Skin              |       |    42 |       ||    42
Dodge: Dodged            |    94 |   147 |   111 ||   352
       Rpst.: Long sword |    23 |    48 |    41 ||   112

Table legend:
 A = Spawn XP
 B = Non-spawn XP
 C = Spawn XP percentage of total XP
 D = Spawn monster count
 E = Non-spawn monster count
 F = Spawn count percentage of total count
 G = Total turns spent on level
                    A         B        C        D         E        F      G
               +---------+---------+-------+---------+---------+-------+---------
         Total |       0 |    1442 |   0.0 |       0 |     127 |   0.0 |  5155
               +---------+---------+-------+---------+---------+-------+---------
           D:1 |       0 |      72 |   0.0 |       0 |      33 |   0.0 |  1420
           D:2 |       0 |     120 |   0.0 |       0 |      24 |   0.0 |  1117
           D:3 |       0 |     129 |   0.0 |       0 |      16 |   0.0 |   574
           D:4 |       0 |     565 |   0.0 |       0 |      37 |   0.0 |  1505
           D:5 |       0 |     556 |   0.0 |       0 |      17 |   0.0 |   539
               +---------+---------+-------+---------+---------+-------+---------
